 Dungeon Crawl Stone Soup version 0.28.0-53-g5a82cb258f (webtiles) character file.

Game seed: 8044069070953640816

71494 Infinimo the Bludgeoner (level 15, 0/183 HPs)
             Began as an Ogre Gladiator on May 28, 2022.
             Was an Initiate of Gozag.
             Slain by a hellwing (4 damage)
             ... summoned by an orc high priest
             ... on level 2 of the Orcish Mines.
             The game lasted 00:30:02 (27635 turns).

Infinimo the Bludgeoner (Ogre Gladiator)           Turns: 27635, Time: 00:30:03

Health: 0/183      AC:  4    Str: 22      XL:     15   Next: 36%
Magic:  15/15      EV: 10    Int: 10 (13) God:    Gozag
Gold:   1356       SH:  5    Dex: 10      Spells: 14/14 levels left

rFire   + + .      SeeInvis +   e - +10 giant club (spect)
rCold   + + +      Faith    .   (shield currently unavailable)
rNeg    + + +      Spirit   .   v - +0 robe of Leaves {rCorr}
rPois   .          Reflect  +   c - +1 hat
rElec   .          Harm     .   l - scarf {rC+ rF+}
rCorr   +          Rampage  .   (gloves unavailable)
Will    +....                   (boots unavailable)
Stlth   +.........              M - amulet of Vuttissa {Reflect rC+ rN+++ Int-2 SH+5 SInv}
HPRegen 0.40/turn               g - ring of protection from fire
MPRegen 0.14/turn               G - ring of protection from cold

@: about to teleport, spiked, gold aura
A: large, unfitting armour, tough skin 1
a: Renounce Religion, Potion Petition, Call Merchant, Bribe Branch


You were on level 2 of the Orcish Mines.
You worshipped Gozag.
Gozag was most pleased with you.
You visited 4 branches of the dungeon, and saw 21 of its levels.
You also visited: Sewer.

You collected 6142 gold pieces.
You spent 975 gold pieces at shops.
You paid 3811 gold pieces to Gozag.

Inventory:

Hand Weapons
 e - a +10 spectral giant club (weapon)
Missiles
 d - 3 throwing nets (quivered)
 h - 34 poisoned darts
Armour
 c - a +1 hat (worn)
 j - a scarf of repulsion
 l - a scarf of resistance (worn)
 v - the +0 robe of Leaves (worn) {rCorr}
   (You found it on level 4 of the Dungeon)

   rCorr:     It protects you from acid and corrosion.
Jewellery
 g - a ring of protection from fire (left hand)
 G - a ring of protection from cold (right hand)
 M - the amulet of Vuttissa (around neck) {Reflect rC+ rN+++ Int-2 SH+5 SInv}
   (You bought it in a shop on level 4 of the Lair of Beasts)

   [amulet of reflection]

   It reflects blocked missile attacks.
   Int:       It affects your intelligence (-2).
   rC:        It protects you from cold.
   rN:        It renders you almost immune to negative energy.
   SInv:      It lets you see invisible.
   SH:        It affects your SH (+5).
Wands
 u - a wand of acid (40)
 y - a wand of polymorph (5)
 D - a wand of iceblast (20)
 L - a wand of digging (3)
 O - a wand of paralysis (3)
 P - a wand of flame (5)
 R - a wand of charming (1)
Scrolls
 a - 3 scrolls of immolation
 b - 3 scrolls of magic mapping
 w - 7 scrolls of enchant armour
 x - 6 scrolls of teleportation
 z - 5 scrolls of identify
 A - 4 scrolls of amnesia
 E - 2 scrolls of summoning
 H - 2 scrolls of enchant weapon
 I - 2 scrolls of blinking
 N - a scroll of silence
 Q - a scroll of fog
Potions
 f - 8 potions of ambrosia
 i - a potion of curing
 k - a potion of lignification
 m - 5 potions of mutation
 n - 3 potions of magic
 o - 2 potions of resistance
 p - 4 potions of cancellation
 q - 4 potions of heal wounds
 r - 2 potions of invisibility
 s - 8 potions of haste
 t - a potion of berserk rage
 B - 2 potions of flight
 C - 2 potions of brilliance
 F - 5 potions of attraction
 J - a potion of might


   Skills:
 + Level 19.8 Fighting
 * Level 19.8 Maces & Flails
 - Level 2.0 Throwing
 - Level 3.1 Dodging


You had 14 spell levels left.
You didn't know any spells.
Your spell library contained the following spells:

 Spells                   Type           Power      Damage    Failure   Level
 Sandblast                Erth           0%         2d4       36%         1
 Ensorcelled Hibernation  Hex/Ice        0%         N/A       50%         2
 Passwall                 Tmut/Erth      0%         N/A       50%         2
 Gell's Gravitas          Tloc           0%         N/A       75%         3
 Inner Flame              Hex/Fire       0%         N/A       75%         3
 Lesser Beckoning         Tloc           0%         N/A       75%         3
 Stone Arrow              Conj/Erth      0%         3d7       75%         3
 Swiftness                Air            0%         N/A       75%         3
 Teleport Other           Tloc           0%         N/A       75%         3
 Cause Fear               Hex            0%         N/A       98%         4
 Summon Lightning Spire   Summ/Air       0%         N/A       98%         4
 Malign Gateway           Summ/Tloc      0%         N/A       100%        7
 Storm Form               Tmut/Air       0%         N/A       100%        7
 Discord                  Hex            0%         N/A       100%        8
 Maxwell's Capacitive Co  Air            0%         ∞         100%        8
 Summon Horrible Things   Summ           0%         N/A       100%        8


Dungeon Overview and Level Annotations

Branches:
Dungeon (12/15)            Temple (1/1) D:6            Lair (6/6) D:11
  Swamp (0/4) Lair:3       Spider (0/4) Lair:3        Slime (0/5) Lair:5
    Orc (2/2) D:11            Elf (0/3) Orc:2         Sewer (visited)

Altars:
Ashenzari
Cheibriados
Dithmenos
Elyvilon
Fedhas
Gozag
Hepliaklqana
Kikubaaqudgha
Makhleb
Nemelex Xobeh
Okawaru
Qazlal
Ru
Sif Muna
Trog
Uskayaw
Vehumet
Wu Jian
Xom
Yredelemnul
Zin
The Shining One

Shops:
D:2 [   D:5 (   D:7 (   D:10 (   Orc:1 [   Orc:2 (   Lair:4 [=

Portals:
Hell: Lair:6


Innate Abilities, Weirdness & Mutations

You are too large for most types of armour.
You have tough skin. (AC +1)


Message History

The orc sorcerer is almost dead.
You block the hellwing's attack.
The hellwing hits you but does no damage.
The red devil hits you from afar with a +0 vampiric demon trident.
Barbed spikes become lodged in your body.
The neqoxec hits you.
The red devil hits you from afar with a +0 trident.
Barbed spikes become lodged in your body.
You bludgeon the orc sorcerer!!
You kill the orc sorcerer!
The neqoxec disappears in a puff of smoke!
The red devil disappears in a puff of smoke!
The orc high priest hits you with a +1 war axe of flaming!
The orc high priest burns you. You block the hellwing's attack.
The hellwing hits you.
As you read the scroll of teleportation, it crumbles to dust.
You feel strangely unstable.
The red devil hits you from afar with a +0 trident!!
Barbed spikes become lodged in your body.
The orc high priest hits you with a +1 war axe of flaming!
* * * LOW HITPOINT WARNING * * *
The orc high priest burns you.
* * * LOW HITPOINT WARNING * * *
The hellwing hits you!
* * * LOW HITPOINT WARNING * * *
The hellwing hits you.
* * * LOW HITPOINT WARNING * * *
The orc knight hits you with a +0 long sword!!
* * * LOW HITPOINT WARNING * * *
Unknown command.
As you read the scroll of fear, it crumbles to dust.
You assume a fearsome visage.
The hellwing resists with some effort.
The red devil looks frightened!
The orc high priest resists with some effort.
The orc knight easily resists.
You block the orc high priest's attack. The hellwing hits you!
* * * LOW HITPOINT WARNING * * *
The hellwing hits you.
You die...
Your body crumbles into a pile of gold.

##.#....# ##..#####
#....#.## #...#######
##..##### #....##.#.##
####...####..........#
##......##........#.##
#...oo3..##......#.##
#.....##.)..#.).......##
#..o. ##...##.).......#
.... #....#@4.)....#.#


44o ##.).ooo.......... .o #.4..§........... . #...§......#.#.# #...............
#............#.# #...........#### ###..........# #........... You could see an
orc knight, an orc high priest (strong), a hellwing (summoned), an orc sorcerer
(strong) and a red devil (summoned, fleeing).

Vanquished Creatures
  Rupert (D:12)
  Nessos (Orc:2)
  Azrael (Orc:1)
  The ghost of Dune the Severer, a journeyman MiBe of Trog (Lair:2)
  10 hydras
  6 two-headed ogres
  A catoblepas (Lair:6)
  4 death yaks (Lair:5)
  Urug (D:11)
  An orc high priest (Orc:2)
  Nergalle (D:10)
  A sun demon (Lair:6)
  A fire crab (Lair:6)
  A wizard (Lair:6)
  Pikel (D:4)
  5 orc knights
  2 deep elf pyromancers (D:12)
  4 orc sorcerers
  An ugly thing (D:12)
  2 manticores
  2 cyclopes
  20 elephants
  Maurice (D:12)
  10 black mambas
  A torpor snail (Lair:4)
  4 orange demons (Lair:6)
  16 cane toads
  2 unseen horrors (D:12)
  A kobold demonologist (D:11)
  3 rime drakes (Lair:6)
  6 komodo dragons
  A queen bee (Lair:3)
  A hellwing (Lair:6)
  A red devil (Lair:6)
  3 trolls
  A hornet (D:9)
  17 blink frogs
  2 polar bears
  6 dream sheep (Lair:6)
  A vampire (D:12)
  20 yaks
  Sigmund (D:5)
  A water elemental (D:11)
  4 basilisks
  4 wyverns
  4 fire elementals
  4 vampire mosquitoes (D:10)
  Edmund (D:5)
  A steam dragon (D:8)
  Menkaure (D:4)
  A warg (D:11)
  Duvessa (D:6)
  19 water moccasins
  7 hell hounds
  2 black bears
  24 orc warriors
  2 sky beasts
  A hornet zombie (D:7)
  3 ice beasts
  4 ogres
  17 wolves
  7 centaurs
  A lemure (D:4)
  3 kobold brigands
  5 bullfrogs
  6 scorpions
  2 wyvern zombies
  A gnoll sergeant (D:11)
  A water moccasin skeleton (D:5)
  Dowan (D:6)
  51 killer bees
  4 howler monkeys
  12 wights
  5 electric eels (Lair:3)
  A bullfrog zombie (D:7)
  3 centaur zombies
  24 orc priests
  3 jellies
  A gnoll shaman (D:9)
  6 hounds
  A bullfrog skeleton (D:6)
  A centaur skeleton (D:5)
  Jessica (D:3)
  2 iguanas
  Ijyb (D:4)
  23 orc wizards
  9 gnolls
  A howler monkey skeleton (D:7)
  11 adders
  3 river rats (Sewer)
  A white imp (D:8)
  3 worms
  2 dart slugs
  52 orcs
  6 ball pythons
  9 bats
  17 endoplasms
  3 giant cockroaches
  6 goblins
  7 hobgoblins
  8 quokkas
  4 frilled lizards
  26 kobolds
  5 rats
  A spectral kobold (D:1)
607 creatures vanquished.

Vanquished Creatures (others)
  An orc wizard (Orc:2)
  2 orcs (Orc:1)
  10 fungi
  20 plants
33 creatures vanquished.

Grand Total: 640 creatures vanquished

Notes
Turn   | Place    | Note
-------+----------+-------------------------------------------
     0 | D:1      | Infinimo the Ogre Gladiator began the quest for the Orb.
     0 | D:1      | Reached XP level 1. HP: 22/22 MP: 1/1
   327 | D:1      | Found a faded altar of an unknown god.
   343 | D:1      | Reached XP level 2. HP: 29/29 MP: 2/2
  1312 | D:2      | Found Yffyul's Armour Shoppe.
  1327 | D:2      | Reached XP level 3. HP: 36/37 MP: 3/3
  1367 | D:2      | Found Buuk's Antique Weapon Shop.
  2151 | D:3      | Identified a scroll of acquirement
  2151 | D:3      | Acquired a +10 spectral giant club
  2371 | D:3      | Reached XP level 4. HP: 45/45 MP: 4/4
  2391 | D:3      | Found a basalt altar of Yredelemnul.
  2763 | D:3      | Found a glowing drain.
  2784 | Sewer    | Entered a sewer
  2866 | Sewer    | Reached XP level 5. HP: 53/54 MP: 5/5
  3057 | Sewer    | Found a viscous altar of Jiyva.
  3138 | Sewer    | Reached skill level 5 in Maces & Flails
  3138 | Sewer    | Reached XP level 6. HP: 65/65 MP: 6/6
  3286 | D:3      | Noticed Jessica
  3292 | D:3      | Killed Jessica
  3293 | D:3      | Reached skill level 5 in Fighting
  3511 | D:4      | Noticed Ijyb
  3514 | D:4      | Killed Ijyb
  3585 | D:4      | Noticed Pikel
  3601 | D:4      | Killed Pikel
  3602 | D:4      | Reached XP level 7. HP: 67/76 MP: 7/7
  3603 | D:4      | Noticed Menkaure
  3609 | D:4      | Killed Menkaure
  3610 | D:4      | Reached XP level 8. HP: 53/87 MP: 8/8
  3768 | D:4      | Identified the +0 robe of Leaves {rCorr}
  3920 | D:4      | Found a hide-covered altar of Uskayaw.
  3969 | D:4      | Found an iron altar of Okawaru.
  4088 | D:4      | Found an ornate altar of the Wu Jian Council.
  4151 | D:5      | Entered Level 5 of the Dungeon
  4233 | D:5      | Found a glowing golden altar of the Shining One.
  4252 | D:5      | Found an opulent altar of Gozag.
  4283 | D:5      | Became a worshipper of Gozag Ym Sagoz the Greedy
  4728 | D:5      | Noticed Edmund
  4728 | D:5      | Noticed Sigmund
  4737 | D:5      | Killed Edmund
  4745 | D:5      | Killed Sigmund
  4746 | D:5      | Reached XP level 9. HP: 72/97 MP: 9/9
  4979 | D:5      | Found Nasyr's Weapon Emporium.
  5133 | D:6      | Found a staircase to the Ecumenical Temple.
  5402 | Temple   | Entered the Ecumenical Temple
  5872 | D:6      | Found a burning altar of Makhleb.
  5960 | D:6      | Noticed Duvessa
  5960 | D:6      | Noticed Dowan
  5964 | D:6      | Killed Dowan
  5967 | D:6      | Killed Duvessa
  6551 | D:7      | Reached skill level 10 in Maces & Flails
  6554 | D:7      | Reached skill level 10 in Fighting
  7044 | D:7      | Reached XP level 10. HP: 103/111 MP: 10/10
  7155 | D:7      | Found Fewesamne's Weapon Boutique.
  7456 | D:7      | Found a bloodstained altar of Trog.
  7585 | D:7      | Found a sacrificial altar of Ru.
  9034 | D:9      | Noticed a two-headed ogre
  9042 | D:9      | Killed a two-headed ogre
  9050 | D:9      | Reached XP level 11. HP: 118/124 MP: 11/11
  9152 | D:9      | Noticed a manticore
  9154 | D:9      | Killed a manticore
  9262 | D:9      | Found a stormy altar of Qazlal.
  9876 | D:10     | Entered Level 10 of the Dungeon
  9915 | D:10     | Noticed Nergalle
  9925 | D:10     | Killed Nergalle
 10765 | D:10     | Noticed a two-headed ogre
 10772 | D:10     | Killed a two-headed ogre
 10875 | D:10     | Found a snail-covered altar of Cheibriados.
 11055 | D:11     | Noticed Urug
 11321 | D:11     | Noticed a two-headed ogre
 11331 | D:11     | Killed a two-headed ogre
 11349 | D:11     | Noticed a two-headed ogre
 11356 | D:11     | Killed a two-headed ogre
 11463 | D:11     | Noticed a cyclops
 11509 | D:11     | Found a staircase to the Lair.
 11776 | D:11     | Noticed a two-headed ogre
 11781 | D:11     | Killed a two-headed ogre
 11843 | D:11     | Reached XP level 12. HP: 80/139 MP: 12/12
 12036 | D:11     | Noticed a two-headed ogre
 12042 | D:11     | Killed a two-headed ogre
 12478 | D:11     | Noticed a six-headed hydra
 12482 | D:11     | Killed a six-headed hydra
 13199 | D:11     | Killed Urug
 13386 | D:11     | Found a staircase to the Orcish Mines.
 13639 | Lair:1   | Entered Level 1 of the Lair of Beasts
 13769 | Lair:1   | Reached skill level 15 in Maces & Flails
 13772 | Lair:1   | Reached skill level 15 in Fighting
 14150 | Lair:1   | HP: 3/143 [black mamba (13)]
 14971 | Lair:2   | Noticed Dune's ghost (journeyman MiBe)
 14973 | Lair:2   | Found a runed translucent gate.
 14977 | Lair:2   | Found a runed translucent gate.
 14977 | Lair:2   | Found a runed translucent gate.
 14984 | Lair:2   | Noticed a five-headed hydra
 15026 | Lair:2   | Killed a five-headed hydra
 15826 | Lair:2   | Killed Dune's ghost
 15827 | Lair:2   | Reached XP level 13. HP: 134/152 MP: 13/13
 16032 | Lair:2   | Identified the ring of the Jester {rElec rF- MP+9 Str+2
                  | Int+3}
 16154 | Lair:3   | Found a sparkling altar of Nemelex Xobeh.
 16374 | Lair:3   | Found a staircase to the Swamp.
 17073 | Lair:3   | Found a hole to the Spider Nest.
 18331 | Lair:4   | Bought the amulet of Vuttissa {Reflect rC+ rN+++ Int-2 SH+5
                  | SInv} for 975 gold pieces
 20222 | Lair:5   | Reached XP level 14. HP: 144/167 MP: 14/14
 20231 | Lair:5   | Found a staircase to the Slime Pits.
 21173 | Lair:6   | Entered Level 6 of the Lair of Beasts
 23514 | Lair:6   | Found a burning altar of Makhleb.
 23758 | Lair:6   | Found a gateway to Hell.
 23765 | Lair:6   | Identified the +2 scale mail of Tender Moments {rC+ Str+4}
 24212 | D:12     | Identified the +2 quarterstaff of Ipur {venom, rPois rN+++
                  | Dex+4 Stlth-}
 24464 | D:12     | Noticed Maurice
 24476 | D:12     | Killed Maurice
 24889 | D:12     | Reached XP level 15. HP: 168/180 MP: 15/15
 24954 | D:12     | Noticed Rupert
 24979 | D:12     | Killed Rupert
 25362 | Orc:1    | Entered Level 1 of the Orcish Mines
 25364 | Orc:1    | Found a burning altar of Makhleb.
 25517 | Orc:2    | Entered Level 2 of the Orcish Mines
 25608 | Orc:2    | Noticed Nessos
 25624 | Orc:2    | Killed Nessos
 26093 | Orc:2    | Noticed Azrael
 26627 | Orc:1    | Killed Azrael
 26728 | Orc:2    | Found Hihoa's Antique Weapon Shop.
 27073 | Orc:2    | Found a staircase to the Elven Halls.
 27635 | Orc:2    | HP: 4/183 [hellwing[an orc high priest] (12)]
 27635 | Orc:2    | Slain by a hellwing

Illustrated notes

Levels and vault maps discovered:
D:1:      tarquinn_simple_flora_water_a, layout_basic,
          dreamdust_ecumenical_altar_drowned_temple
D:2:      layout_basic, serial_shops, nicolae_shop_crystal, shop,
          minmay_misc_feat_doors, roderic_lattice_a, minmay_3d_cube
D:3:      layout_loops_ring, mainiacjoe_overflow_six_doors_small,
          cheibrodos_sewer_entry_sluice, minmay_misc_feat_square,
          kennysheep_jessica_study
D:4:      layout_basic, general_overflow_altar, nicolae_uskayaw_dance_hall,
          nicolae_wu_jian_glorious_leap, uniq_ijyb, uniq_menkaure, uniq_pikel
D:5:      layout_loops_ring, nicolae_gozag_cash_rules_everything_around_me,
          tso_altar, serial_shops, nicolae_shop_bloodbath_and_beyond,
          sigmund_edmund_badplayer
D:6:      layout_layer_cave, marbit_many_paths, minmay_temple_entry_slanted,
          uniq_duvessa, uniq_edmund
D:7:      layout_rooms, nicolae_ru_the_path_less_chosen, enter_bailey_7,
          nicolae_take_the_stairs, david_defended_altar_orc
D:8:      layout_cave_pods, st_stairs_11
D:9:      layout_basic, lemuel_tele_altar, hangedman_decor_push
D:10:     layout_loops_ring, slow_altar_2, chequers_serial_rivers_room_a,
          uniq_nergalle
D:11:     layout_long_grid, lair_entry_dummy, david_orc_1_choice,
          nicolae_water_bricks, minmay_circle_x, uniq_urug
D:12:     layout_loops_ring, uniq_rupert, uniq_maurice
Temple:   minmay_temple_forest_path
Lair:1:   layout_hall_layers, beast_lair_carwin_4, infiniplex_staircase_pool_2,
          lemuel_fruit_tree, grunt_megastairs_2
Lair:2:   layout_misc_corridors, gammafunk_ghost_split
Lair:3:   layout_loops_ring, minmay_swamp_entry_eels,
          spider_nest_entry_web_field, special_room [special_room_bee],
          basic_altar, grunt_megastairs_5
Lair:4:   layout_small_grid
Lair:5:   layout_roguey, slime_dummy
Lair:6:   evil_forest, layout_gridlike
Orc:1:    layout_caves, bloody_makhleb
Orc:2:    grunt_orc_tribal_feast, layout_diamond_mine, serial_shops,
          nicolae_shop_statue_plus, uniq_nessos, uniq_azrael

Skill      XL: |  1  2  3  4  5  6  7  8  9 10 11 12 13 14 |
---------------+-------------------------------------------+-----
Fighting       | 3 4 6 7 8 10 12 14 15 17 19 | 19.8
Maces & Flails | 3 4 5 6 7 8 10 12 14 16 17 19 | 19.8
Dodging        | 3 |  3.1
Throwing       | |  2.0

Action                   |  1- 3 |  4- 6 |  7- 9 | 10-12 | 13-15 || total
-------------------------+-------+-------+-------+-------+-------++-------
Melee: Flail             |   100 |       |       |       |       ||   100
       Punch             |     2 |       |       |       |       ||     2
       Giant club        |     4 |    82 |   100 |   284 |   468 ||   938
Invok: Call Merchant     |       |       |       |     1 |     3 ||     4
Evoke: Wand              |       |       |       |       |     4 ||     4
  Use: Scroll            |     2 |       |     6 |    21 |     7 ||    36
       Potion            |       |       |       |     4 |     1 ||     5
 Stab: Sleeping          |       |     2 |       |       |       ||     2
       Distracted        |       |       |     1 |     2 |     6 ||     9
Armor: Robe              |    39 |    19 |    18 |    44 |    54 ||   174
Dodge: Dodged            |    62 |    30 |    36 |   121 |   154 ||   403
Block: Other             |       |       |       |       |    58 ||    58
       Reflection        |       |       |       |       |     3 ||     3
